cohdb
Replays
Latest Replays
All Replays
Popular Replays
Top Player Replays
Match Explorer
How It Works
Community
CoH3 Stats
Reddit
Sign in to upload your games and track your stats! →
Sign in with Steam
Match 41845271
Unlisted
Match 41845271
Overview
Messages
Build Orders
End
Kradschützen Motorcycle Team
Panzergrenadier Squad
250 Light Carrier
Construct Light Support Kompanie
Kradschützen Motorcycle Team
MG34 Team
Fire Support Elements
Assault Grenadier Squad
Pak 38 Mechanized Group
2.5-tonne Medical Truck
Construct Panzerarmee Kommand
Pak 38 Anti-tank Gun Team
Panzer III L Medium Tank
MG34 Team
Selects Italian Infantry
Selects Italian Infantry
Selects Guastatori Squad
Guastatori Squad
Brother
Fist full of love
0
0
Comments
sign in to comment!
No comments posted yet!